 Dungeon Crawl Stone Soup version 0.31-a0-7-g51783674b7 (webtiles) character file.

Game seed: 7430425943230619342

406 baab the Cudgeller (level 6, -1/52 (56) HPs)
             Began as a Minotaur Berserker on May 5, 2023.
             Was a Follower of Trog.
             Succumbed to a water moccasin's poison
             ... on level 6 of the Dungeon.
             The game lasted 00:08:52 (3118 turns).

baab the Cudgeller (Minotaur Berserker)             Turns: 3118, Time: 00:08:53

HP:   -1/52 (56)    AC:  6    Str: 23    XL:     6   Next: 56%
MP:   5/5           EV: 11    Int:  4    God:    Trog [*.....]
Gold: 78            SH:  0    Dex: 10    Spells: 5/5 levels left

rFire   . . .        a - +0 mace (freeze)
rCold   . . .        (no shield)
rNeg    . . .        c - +0 ring mail
rPois   .            (helmet restricted)
rElec   .            (no cloak)
rCorr   .            (no gloves)
SInv    .            (no boots)
Will    .....        (no amulet)
Stlth   +            (no ring)
HPRegen 0.28/turn    (no ring)
MPRegen 0.09/turn

%: no passive effects
@: lethally poisoned (-1 -> -18), studying Unarmed Combat, drained
A: horns 2, retaliatory headbutt
a: Renounce Religion, Berserk


You were on level 6 of the Dungeon.
You worshipped Trog.
Trog was aware of your devotion.
You visited 1 branch of the dungeon, and saw 6 of its levels.

You collected 78 gold pieces.

Inventory:

Hand Weapons
 a - a +0 mace of freezing (weapon)
 e - a +0 sling
Missiles
 d - 10 stones (quivered)
Armour
 c - a +0 ring mail (worn)
Scrolls
 b - 3 scrolls of teleportation
 g - 2 scrolls of identify
Potions
 f - a potion of magic {unknown}


   Skills:
 + Level 5.6 Fighting
 + Level 6.4 Maces & Flails
 + Level 4.5 Armour
 + Level 2.8 Dodging
 + Level 0.2 Stealth


You had 5 spell levels left.
You didn't know any spells.
Your spell library was empty.

Dungeon Overview and Level Annotations

Branches:
Dungeon (6/15)
 Temple: D:4-7

Altars:
Cheibriados

Shops:
D:5 *


Innate Abilities, Weirdness & Mutations

You have a pair of horns on your head.
You reflexively headbutt those who attack you in melee.


Message History

A water moccasin comes into view.
The water moccasin hisses angrily.
The water moccasin bites you. The water moccasin closely misses you.
The water moccasin bites you. x2 2 wights come into view.
The water moccasin misses you. You furiously retaliate!
You headbutt the water moccasin! The wight attacks as you move away!
The wight misses you.
The water moccasin attacks as you move away!
The water moccasin bites you.
You fail to use your ability.
The water moccasin barely misses you. The water moccasin misses you.
You barely miss the water moccasin.
The water moccasin is moderately wounded.
The water moccasin completely misses you.
The wight hits you with a +3 great sword!
You feel drained.
You hit the water moccasin.
The water moccasin seems to slow down.
You freeze the water moccasin.
The water moccasin is moderately wounded.
The water moccasin bites you.
You are poisoned.
The water moccasin poisons you! The wight barely misses you.
You furiously retaliate!
You headbutt the wight, but do no damage.
You closely miss the water moccasin.
The water moccasin is moderately wounded.
You feel very sick.
The water moccasin is no longer moving slowly.
The water moccasin bites you.
You are more poisoned.
The water moccasin poisons you!
The wight hits you with a +3 great sword!
* * * LOW HITPOINT WARNING * * *
You feel drained.
* * * LOW HITPOINT WARNING * * *
You barely miss the water moccasin.
The water moccasin is moderately wounded.
You die...

#.#. #.#.
#.####.##
#........
#.###....
#.###..##
#######z.......
......zS###..##
###.###@# z.
###


You could see a water moccasin and 2 wights.

Vanquished Creatures
  2 black bears
  A phantom (D:5)
  A scorpion (D:3)
  A howler monkey (D:5)
  3 gnolls (D:4)
  2 adders
  A dart slug (D:1)
  2 orcs
  A bat (D:1)
  2 endoplasms (D:3)
  A giant cockroach (D:2)
  A goblin (D:4)
  2 hobgoblins
  A kobold (D:1)
  A quokka (D:1)
  2 ball pythons
  A frilled lizard (D:2)
  A rat (D:1)
26 creatures vanquished.

Notes
Turn   | Place    | Note
-------+----------+-------------------------------------------
     0 | D:1      | baab the Minotaur Berserker began the quest for the Orb.
     0 | D:1      | Reached XP level 1. HP: 19/19 MP: 0/0
   496 | D:2      | Reached XP level 2. HP: 27/27 MP: 1/1
   654 | D:2      | Reached skill level 4 in Maces & Flails
   948 | D:3      | Noticed a scorpion
   957 | D:3      | Killed a scorpion
   958 | D:3      | Reached skill level 5 in Maces & Flails
   958 | D:3      | Reached XP level 3. HP: 34/34 MP: 2/2
   958 | D:3      | Reached XP level 4. HP: 41/41 MP: 3/3
  1498 | D:4      | Noticed a black bear
  1505 | D:4      | Killed a black bear
  1506 | D:4      | Reached skill level 5 in Fighting
  1506 | D:4      | Reached XP level 5. HP: 48/48 MP: 4/4
  2120 | D:4      | Found a snail-covered altar of Cheibriados.
  2131 | D:5      | Entered Level 5 of the Dungeon
  2378 | D:5      | Noticed a black bear
  2390 | D:5      | Killed a black bear
  2391 | D:5      | Reached skill level 6 in Maces & Flails
  2391 | D:5      | Reached XP level 6. HP: 52/56 MP: 5/5
  2435 | D:5      | Found Icoe's Assorted Antiques.
  3107 | D:6      | Noticed a water moccasin
  3118 | D:6      | Succumbed to a water moccasin's poison

Illustrated notes

Levels and vault maps discovered:
D:1:      ncdulo_watergridlock, layout_basic
D:2:      layout_basic
D:3:      layout_loops_ring
D:4:      layout_gridville, cheibriados_altar_1, serial_shops, shop,
          uniq_natasha
D:5:      layout_basic, kennysheep_little_box, serial_shops, shop
D:6:      layout_loops_ring, minmay_stone_trees_small,
          kennysheep_generic_room_10, uniq_edmund, uniq_eustachio

Skill      XL: |  1  2  3  4  5 |
---------------+----------------+-----
Maces & Flails | 5 6 |  6.4
Fighting       | 4 5 |  5.6
Armour         | 3 4 |  4.5
Dodging        | |  2.8
Stealth        | |  0.2

Action                     |  1- 3 |  4- 6 || total
---------------------------+-------+-------++-------
  Melee: Mace              |    27 |    35 ||    62
         Headbutt          |     1 |     2 ||     3
 Invoke: Berserk           |     2 |     5 ||     7
    Use: Potion            |     1 |       ||     1
         Scroll            |     4 |     2 ||     6
 Armour: Ring mail         |    16 |     7 ||    23
         Animal skin       |     1 |       ||     1
  Dodge: Dodged            |    21 |    34 ||    55

Table legend: (Time is in decaauts)
 A = Elapsed time spent in this place.
 B = Non-inter-level travel time spent in this place.
 C = Inter-level travel time spent in this place.
 D = Time resting spent in this place.
 E = Time spent auto-exploring this place.
 F = Levels seen in this place.
 G = Mean time per level.
                   A        B        C        D        E       F      G
               +--------+--------+--------+--------+--------+-----+--------+
         Total |   3184 |   3184 |      0 |   1517 |     14 |   6 |  530.7 |
       Dungeon |   3184 |   3184 |      0 |   1517 |     14 |   6 |  530.7 |
               +--------+--------+--------+--------+--------+-----+--------+

Top non-repeatable levels by time:
     D:4: 1028 daAuts
     D:6: 625 daAuts
     D:1: 505 daAuts
     D:5: 381 daAuts
     D:2: 380 daAuts
     D:3: 263 daAuts
